 Dungeon Crawl Stone Soup version 0.29-a0-529-gfa20dd96a1 (webtiles) character file.

Game seed: 12552351508537872902

51 HoaS the Bolt Thrower (level 4, -5/26 HPs)
             Began as a Kobold Hunter on June 1, 2022.
             Slain by a gnoll
             ... wielding a +0 club
              (7 damage)
             ... on level 2 of the Dungeon.
             The game lasted 00:01:32 (721 turns).

HoaS the Bolt Thrower (Kobold Hunter)                Turns: 721, Time: 00:01:33

Health: -5/26      AC:  3    Str:  8    XL:     4   Next: 5%
Magic:  4/4        EV: 14    Int: 10    God:
Gold:   63         SH:  0    Dex: 20    Spells: 3/3 levels left

rFire   . . .      SeeInvis .   a - +1 hand crossbow
rCold   . . .      Faith    .   (no shield)
rNeg    . . .      Spirit   .   b - +0 leather armour
rPois   .          Reflect  .   (no helmet)
rElec   .          Harm     .   (no cloak)
rCorr   .          Rampage  .   (no gloves)
Will    .....                   (no boots)
Stlth   +++.......              (no amulet)
HPRegen 0.08/turn               (no ring)
MPRegen 0.09/turn               (no ring)

@: no status effects
A: small, no large weapons, nightstalker 3
a: no special abilities


You were on level 2 of the Dungeon.
You visited 1 branch of the dungeon, and saw 2 of its levels.

You collected 63 gold pieces.

Inventory:

Hand Weapons
 a - a +1 hand crossbow (weapon)
Armour
 b - a +0 leather armour (worn)
Scrolls
 c - a scroll of immolation
Potions
 d - 2 potions of brilliance {unknown}
 e - a potion of lignification {unknown}


   Skills:
 - Level 2.1 Fighting
 + Level 7.1 Crossbows
 - Level 2.4 Dodging
 - Level 1.3 Stealth


You had 3 spell levels left.
You didn't know any spells.
Your spell library contained the following spells:

 Spells                   Type           Power      Damage    Failure   Level
 Summon Small Mammal      Summ           0%         N/A       50%         1
 Call Canine Familiar     Summ           0%         N/A       86%         3
 Summon Guardian Golem    Hex/Summ       0%         N/A       86%         3


Dungeon Overview and Level Annotations

Branches:
Dungeon (2/15)

Altars:


Innate Abilities, Weirdness & Mutations

You are small and have problems with some larger weapons.
You are completely attuned to the shadows.


Message History

No target in view!
No target in view!
You now have 63 gold pieces (gained 9).
You see here a +0 whip.
The gnoll shouts!
A frilled lizard comes into view.
You shoot a bolt. You shoot a bolt. You shoot a bolt.
The frilled lizard hisses angrily.
The bolt hits the gnoll.
The gnoll is lightly wounded.
The gnoll hits you with a +0 club!
You shoot a bolt.
The gnoll reflects the bolt off an invisible shield around it!
The bolt hits you! The gnoll hits you with a +0 club.
You are too injured to fight recklessly!
You are too injured to fight recklessly!
You are too injured to fight recklessly!
You are too injured to fight recklessly!
You are too injured to fight recklessly!
You are too injured to fight recklessly!
You are too injured to fight recklessly!
You are too injured to fight recklessly!
You are too injured to fight recklessly!
Shoot: a) +1 hand crossbow
Press: ? - help, Q - select action Shift-Dir - straight line, f/p - gnoll
Aim: a gnoll, wielding a +0 club and wearing an amulet of reflection (lightly wounded, 71% to hit)
You shoot a bolt. The bolt hits the gnoll.
The gnoll is moderately wounded.
The gnoll hits you but does no damage. The gnoll hits you with a +0 club.
* * * LOW HITPOINT WARNING * * *
Shoot: a) +1 hand crossbow
Press: ? - help, Q - select action Shift-Dir - straight line, f/p - gnoll
Aim: a gnoll, wielding a +0 club and wearing an amulet of reflection (moderately wounded, 71% to hit)
You shoot a bolt.
The gnoll reflects the bolt off an invisible shield around it!
The bolt closely misses you. The gnoll hits you with a +0 club!
You die...

#...#...).#
....#.....#
#####.....#
....>..... ..#
..###.##### #.#
....)†## #.#
...†...# #.##
.....#.##########gl#
...#............@#.#
##.#.............#.#
#.............#.l
#.............#..#
....###########


You could see a gnoll and a frilled lizard.

Vanquished Creatures
  3 gnolls (D:2)
  2 ball pythons
  2 endoplasms
  A giant cockroach (D:1)
  A goblin (D:1)
  A hobgoblin (D:2)
  4 jackals (D:1)
  2 bats (D:1)
  A frilled lizard (D:1)
  3 kobolds (D:1)
  2 rats
22 creatures vanquished.

Notes
Turn   | Place    | Note
-------+----------+-------------------------------------------
     0 | D:1      | HoaS the Kobold Hunter began the quest for the Orb.
     0 | D:1      | Reached XP level 1. HP: 12/12 MP: 1/1
   145 | D:1      | Found a faded altar of an unknown god.
   221 | D:1      | Reached XP level 2. HP: 17/17 MP: 2/2
   228 | D:1      | Reached skill level 6 in Crossbows
   592 | D:2      | Reached XP level 3. HP: 15/21 MP: 3/3
   697 | D:2      | Reached skill level 7 in Crossbows
   697 | D:2      | Reached XP level 4. HP: 26/26 MP: 4/4
   721 | D:2      | Slain by a gnoll

Illustrated notes

Levels and vault maps discovered:
D:1:      dpeg_arrival_ternary, layout_basic,
          hellmonk_ecumenical_altar_crossroads
D:2:      layout_basic, serial_shops, shop, basic_altar, uniq_robin

Skill      XL: |  1  2  3 |
---------------+----------+-----
Crossbows      | 6 7 |  7.1
Fighting       | |  2.1
Dodging        | |  2.4
Stealth        | |  1.3

Action                   |  1- 3 |  4- 6 || total
-------------------------+-------+-------++-------
 Fire: Hand crossbow     |    49 |     7 ||    56
Armor: Leather armour    |     4 |     1 ||     5
Dodge: Dodged            |    17 |     1 ||    18

Table legend: (Time is in decaauts)
 A = Elapsed time spent in this place.
 B = Non-inter-level travel time spent in this place.
 C = Inter-level travel time spent in this place.
 D = Time resting spent in this place.
 E = Time spent auto-exploring this place.
 F = Levels seen in this place.
 G = Mean time per level.
                   A        B        C        D        E       F      G
               +--------+--------+--------+--------+--------+-----+--------+
         Total |    734 |    710 |     24 |     74 |    499 |   2 |  367.0 |
       Dungeon |    734 |    710 |     24 |     74 |    499 |   2 |  367.0 |
               +--------+--------+--------+--------+--------+-----+--------+

Top non-repeatable levels by time:
     D:1: 527 daAuts
     D:2: 206 daAuts
